 Dungeon Crawl Stone Soup version 0.27-a0-216-g1fbed8a51c (webtiles) character file.

Game seed: 2755252165461198554

75 HoaS the Shield-Bearer (level 4, 0/35 HPs)
             Began as a Formicid Fighter on Jan 31, 2021.
             Killed from afar by an orc wizard (6 damage)
             ... with a magic dart
             ... on level 3 of the Dungeon.
             The game lasted 00:03:13 (1983 turns).

HoaS the Shield-Bearer (Formicid Fighter)           Turns: 1983, Time: 00:03:14

Health: 0/35       AC:  6    Str: 21    XL:     4   Next: 55%
Magic:  4/4        EV:  8    Int: 14    God:
Gold:   134        SH: 10    Dex: 10    Spells: 3/3 levels left

rFire    . . .     SeeInvis +   a - +0 quarterstaff
rCold    . . .     Faith    .   c - +1 kite shield
rNeg     . . .     Spirit   .   b - +0 scale mail
rPois    .         Reflect  .   (helmet unavailable)
rElec    .         Harm     .   (no cloak)
rCorr    .         Rampage  .   (no gloves)
Will     +....                  (no boots)
Stlth    ..........             (no amulet)
HPRegen  0.11/turn              j - +6 ring of intelligence
MPRegen  0.09/turn              n - ring of willpower

@: no status effects
A: permanent stasis, dig shafts and tunnels, four strong arms, antennae 3
a: Dig, Shaft Self


You were on level 3 of the Dungeon.
You visited 1 branch of the dungeon, and saw 3 of its levels.

You collected 134 gold pieces.

Inventory:

Hand Weapons
 a - a +0 quarterstaff (weapon)
Missiles
 i - 20 bolts
Armour
 b - a +0 scale mail (worn)
 c - a +1 kite shield (worn)
Jewellery
 j - a +6 ring of intelligence (left hand)
 n - a ring of willpower (right hand)
Wands
 l - a wand of mindburst (15)
Scrolls
 h - a scroll of remove curse
 m - a scroll of identify
Potions
 d - a potion of might
 e - 2 potions of curing
 f - a potion of lignification
 g - a potion of haste {unknown}
 k - a potion of flight {unknown}


   Skills:
 - Level 3.2 Fighting
 * Level 3.8 Staves
 - Level 3.2 Armour
 + Level 4.5 Shields


You had 3 spell levels left.
You didn't know any spells.
Your spell library contained the following spells:

 Spells                   Type           Power        Failure   Level
 Bolt of Magma            Conj/Fire/Erth 0%           100%        5
 Iskenderun's Battlesphe  Conj           0%           100%        5
 Iron Shot                Conj/Erth      0%           100%        6
 Orb of Destruction       Conj           0%           100%        7
 Spellforged Servitor     Conj/Summ      0%           100%        7


Dungeon Overview and Level Annotations

Branches:
Dungeon (3/15)

Altars:

Annotations:
D:3 3 runed translucent doors, bananainenglish's ghost, weakling MiFi


Innate Abilities, Weirdness & Mutations

You cannot be hasted, slowed, berserked, paralysed or teleported.
You can dig through walls and to a lower floor.
Your four strong arms can wield two-handed weapons with a shield.
You have a pair of large antennae on your head. (SInv)


Message History

You hear a shout!
You extend your mandibles.
You dig through the rock wall.
You retract your mandibles.
Okay, then.
You start resting.
An orc wizard is nearby!
You hit the orc wizard but do no damage.
The orc wizard hits you with a +0 dagger.
You hit the orc wizard.
The orc wizard is heavily wounded.
You hit the orc priest.
The orc priest is lightly wounded.
The orc wizard completely misses you.
The orc priest invokes the aid of Beogh against you.
Beogh smites you!
* * * LOW HITPOINT WARNING * * *
The orc wizard casts a spell at you. The magic dart hits you.
You die...

#...... ######### #..... {
#...#.... { ..... #.#.#.###
#######... { #.#.#.### ........
#.#.#.... ###.>.#.#
#########.#....## ..#.....#.#
###.........###..#
...$>.....#####oo.........#....##
###.#...o......#@.........#.##...
#.#.#.######.#.###....###.#....
{..#........#.#.# #.##.###.#...#
o####.#####...#.###+##†......#.#
#. ... #..#.......#..##.#.#.# #
##.#. #..#.##....#..##.#.#.# ....
#..........#.....#.#.# #
###+++###..##.####.#.#
#ZZZZ..W#..##.# #.#.#


You could see an orc priest and an orc wizard (invisible).

Vanquished Creatures
  3 adders
  4 worms
  A dart slug (D:1)
  A leopard gecko (D:1)
  9 bats
  2 giant cockroaches
  5 goblins
  4 hobgoblins
  A frilled lizard (D:1)
  A kobold (D:1)
  2 rats (D:1)
33 creatures vanquished.

Notes
Turn   | Place    | Note
-------+----------+-------------------------------------------
     0 | D:1      | HoaS the Formicid Fighter began the quest for the Orb.
     0 | D:1      | Reached XP level 1. HP: 18/18 MP: 1/1
   116 | D:1      | Reached XP level 2. HP: 24/24 MP: 2/2
   310 | D:1      | Reached skill level 4 in Shields
   526 | D:1      | Reached XP level 3. HP: 29/29 MP: 3/3
  1256 | D:2      | Reached XP level 4. HP: 17/35 MP: 4/4
  1944 | D:3      | Found a runed translucent gate.
  1944 | D:3      | Found a runed translucent gate.
  1944 | D:3      | Found a runed translucent gate.
  1944 | D:3      | Noticed bananainenglish's ghost (weakling MiFi)
  1983 | D:3      | Killed from afar by an orc wizard

Illustrated notes

Levels and vault maps discovered:
D:1:      ncdulo_wetmaze, layout_basic, dk_noncrumbling_2
D:2:      layout_basic, corexii_shack
D:3:      layout_basic, gammafunk_ghost_necromancy

Skill      XL: |  1  2  3 |
---------------+----------+-----
Shields        | 4 |  4.5
Staves         | 3 |  3.8
Fighting       | |  3.2
Armour         | |  3.2

Action                   |  1- 3 |  4- 6 || total
-------------------------+-------+-------++-------
Melee: Quarterstaff      |    76 |    30 ||   106
 Abil: Dig               |       |     1 ||     1
  Use: Scroll            |     3 |     3 ||     6
Armor: Scale mail        |    40 |     8 ||    48
Dodge: Dodged            |    31 |     8 ||    39
Block: Kite shield       |    45 |    10 ||    55

Table legend: (Time is in decaauts)
 A = Elapsed time spent in this place.
 B = Non-inter-level travel time spent in this place.
 C = Inter-level travel time spent in this place.
 D = Time resting spent in this place.
 E = Time spent auto-exploring this place.
 F = Levels seen in this place.
 G = Mean time per level.
                   A        B        C        D        E       F      G
               +--------+--------+--------+--------+--------+-----+--------+
         Total |   2023 |   1964 |     59 |    415 |   1259 |   3 |  674.3 |
       Dungeon |   2023 |   1964 |     59 |    415 |   1259 |   3 |  674.3 |
               +--------+--------+--------+--------+--------+-----+--------+

Top non-repeatable levels by time:
     D:2: 1183 daAuts
     D:1: 701 daAuts
     D:3: 138 daAuts
